 Dungeon Crawl Stone Soup version 0.23-a0-241-g3b46b07 (webtiles) character file.

105809 Felrender the Severer (level 15, -12/139 HPs)
             Began as a Minotaur Fighter on Sept 27, 2018.
             Was the Champion of Okawaru.
             Mangled by a battleaxe of distortion (13 damage)
             ... on level 2 of the Elven Halls.
             The game lasted 01:03:58 (21777 turns).

Felrender the Severer (Minotaur Fighter)           Turns: 21777, Time: 01:03:59

Health: -12/139    AC: 38    Str: 28    XL:     15   Next: 95%
Magic:  13/14      EV: 17    Int:  5    God:    Okawaru [******]
Gold:   1606       SH: 21    Dex: 19    Spells: 14/14 levels left

rFire    + . .     SeeInvis +   S - +5 broad axe "Xel Pua" {flame, rElec rPois}
rCold    + + +     Gourm    .   h - +0 shield of Compassion {rN+}
rNeg     + + .     Faith    .   j - +1 crystal plate armour of Experimentation {+Blink Str-5 Dex+5 SInv}
rPois    +         Spirit   .   u - +2 hat
rElec    +         Reflect  +   O - scarf {rC+ rF+}
rCorr    .         Harm     .   i - +2 pair of gloves
MR       +....                  E - +0 pair of boots
Stlth    ..........             k - +3 amulet of reflection
HPRegen  0.33/turn              a - ring "Ufuof" {rC++ rN+}
MPRegen  0.14/turn              F - +4 ring of protection

@: mighty, agile, lethally poisoned (-12 -> -23), heroism, hasted, very quick
A: retaliatory headbutt, horns 2
a: Heroism, Finesse, Renounce Religion, Evoke Blink


You were on level 2 of the Elven Halls.
You worshipped Okawaru.
Okawaru was exalted by your worship.
You were not hungry.

You visited 3 branches of the dungeon, and saw 19 of its levels.
You visited 1 bazaar.
You also visited: Ice Cave.

You collected 3059 gold pieces.
You spent 1453 gold pieces at shops.

Inventory:

Hand Weapons
 o - the +5 broad axe of Battle {chop, rPois}
   (Okawaru gifted it to you on level 10 of the Dungeon)

   It inflicts extra damage upon your enemies.
   It protects you from poison.
 q - the +3 hand axe "Ogee" {venom, *Rage rC+ Dex+5}
   (Okawaru gifted it to you on level 2 of the Elven Halls)

   It poisons the flesh of those it strikes.
   It affects your dexterity (+5).
   It protects you from cold.
   It may make you go berserk in combat.
 S - the +5 broad axe "Xel Pua" (weapon) {flame, rElec rPois}
   (Okawaru gifted it to you on level 12 of the Dungeon)

   It has been specially enchanted to burn those struck by it, causing extra
   injury to most foes and up to half again as much damage against particularly
   susceptible opponents.
   Big, fiery blades are also staple armaments of hydra-hunters.
   It insulates you from electricity.
   It protects you from poison.
Missiles
 D - 8 steel tomahawks (quivered)
Armour
 h - the +0 shield of Compassion (worn) {rN+}
   (Okawaru gifted it to you on level 12 of the Dungeon)

   It protects you from negative energy.
 i - a +2 pair of gloves (worn)
 j - the +1 crystal plate armour of Experimentation (worn) {+Blink Str-5 Dex+5 SInv}
   (Okawaru gifted it to you on level 15 of the Dungeon)

   It affects your strength (-5).
   It affects your dexterity (+5).
   It lets you see invisible.
   It lets you blink.
 u - a +2 hat (worn)
 w - the +1 robe "Xyosakuf" {rF++ MR+ Int-5}
   (Okawaru gifted it to you on level 1 of the Elven Halls)

   It affects your intelligence (-5).
   It greatly protects you from fire.
   It affects your resistance to hostile enchantments.
 C - a +1 cloak of poison resistance
 E - a +0 pair of boots (worn)
 K - +0 ice dragon scales
 O - a scarf of resistance (worn)
 Q - a +2 cloak
Jewellery
 a - the ring "Ufuof" (left hand) {rC++ rN+}
   (You found it in an ice cave)

   [ring of positive energy]

   It greatly protects you from cold.
   It protects you from negative energy.
 k - a +3 amulet of reflection (around neck)
 F - a +4 ring of protection (right hand)
 W - the macabre finger necklace {rN+}
   (You found it in an ice cave)

   [amulet of nothing]

   It protects you from negative energy.
Wands
 p - a wand of clouds (3)
 G - a wand of disintegration (14)
 J - a wand of random effects (94)
 L - a wand of enslavement (12)
 M - a wand of polymorph (27)
 P - a wand of digging (6)
 T - a wand of paralysis (72)
Scrolls
 b - 8 scrolls of teleportation
 e - 2 scrolls of fog
 v - 9 scrolls of remove curse
 y - 3 scrolls of amnesia
 A - 3 scrolls of blinking
 R - 2 scrolls of enchant weapon
Potions
 c - a potion of resistance
 g - 2 potions of lignification
 l - 2 potions of haste
 m - a potion of degeneration {unknown}
 n - 2 potions of brilliance
 r - 3 potions of agility
 t - a potion of flight
 B - 4 potions of mutation
 I - a potion of magic {unknown}
 V - a potion of ambrosia {unknown}
Miscellaneous
 x - a box of beasts
 z - a phial of floods
Comestibles
 f - 18 rations


   Skills:
 + Level 14.3(19.3) Fighting
 + Level 19.3(24.3) Axes
   Level 1.0(18.1) Maces & Flails
 + Level 0.3(5.3) Throwing
 + Level 13.2(18.2) Armour
 + Level 3.8(8.8) Dodging
 + Level 1.6(6.6) Stealth
 + Level 18.3(23.3) Shields
 + Level 1.1 Invocations


You had 14 spell levels left.
You didn't know any spells.
Your spell library contained the following spells:

 Spells                   Type           Power        Failure   Level  Hunger
 Apportation              Tloc           #.....       100%        1    ##.....
 Summon Butterflies       Summ           #.......     100%        1    ##.....
 Poisonous Vapours        Pois/Air       #.....       100%        2    ###....
 Sublimation of Blood     Necr           #.........   100%        2    ###....
 Swiftness                Chrm/Air       #.......     100%        2    ###....
 Throw Flame              Conj/Fire      #.....       100%        2    ###....
 Inner Flame              Hex/Fire       #.......     100%        3    ####...
 Lesser Beckoning         Tloc           #.........   100%        3    ####...
 Tukima's Dance           Hex            #.......     100%        3    ####...
 Animate Dead             Necr           N/A          100%        4    #####..
 Fulminant Prism          Conj/Hex       #.........   100%        4    #####..
 Iskenderun's Mystic Bla  Conj           #.......     100%        4    #####..
 Alistair's Intoxication  Tmut/Pois      #.......     100%        5    ######.
 Bolt of Magma            Conj/Fire/Erth #.........   100%        5    ######.
 Fireball                 Conj/Fire      #.........   100%        5    ######.
 Iskenderun's Battlesphe  Conj/Chrm      #.......     100%        5    ######.
 Venom Bolt               Conj/Pois      #.........   100%        5    ######.
 Invisibility             Hex            #.......     100%        6    #######
 Iron Shot                Conj/Erth      #.........   100%        6    #######
 Orb of Destruction       Conj           #.........   100%        7    #######
 Ring of Flames           Chrm/Fire      #.........   100%        7    #######
 Spellforged Servitor     Conj/Summ      #.........   100%        7    #######


Dungeon Overview and Level Annotations

Branches:
Dungeon (15/15)            Temple (0/1) D:5            Lair (0/6) D:8
    Orc (2/2) D:12            Elf (2/3) Orc:2        Vaults (0/5) D:13
 Depths (0/5) D:15

Altars:
Ashenzari
Fedhas
Gozag
Makhleb
Okawaru
Sif Muna
Trog
Uskayaw
Xom
The Shining One
Beogh

Shops:
D:11 }   D:13 :   Orc:1 %((*   Orc:2 ((}?!


Innate Abilities, Weirdness & Mutations

You reflexively headbutt those who attack you in melee.
You have a pair of horns on your head.


Message History

Your headbutt misses the battleaxe of distortion.
The battleaxe of distortion is moderately damaged.
* * * LOW HITPOINT WARNING * * *
You feel sick.
You block the battleaxe of distortion's attack.
The halberd of venom completely misses you.
The deep elf mage mumbles some strange words.
The deep elf mage blinks!
You feel very mighty all of a sudden.
* * * LOW HITPOINT WARNING * * *
You feel sick.
You block the halberd of venom's attack.
You slash the battleaxe of distortion!
Your headbutt misses the battleaxe of distortion.
The battleaxe of distortion is heavily damaged.
* * * LOW HITPOINT WARNING * * *
You feel sick.
The battleaxe of distortion hits you but does no damage.
Space warps horribly around you!
You die...

**,,,,,****,****,****,,***
#.....#################*
#......##.............#
*#......#.#.#.#.#.#.#.#
*#.....#.............#
##.....######'###..#.#
##......'...#....##...###
#.......'..Y#.....#.#...#
#.......'§Y((@....#...).#
#.......'..(#.....#.#...#
##.....e'...#....##.....#
##.....######'###..#.#)#
##.....#.............#)# #
##...Y..#.#.#.#.#.#.#.#.######
#......##.............#.......
#.....#######################.
##.....####.##*#.##**,,*** #.


You could see a deep elf mage, 2 ice beasts and 3 dancing weapons.

Vanquished Creatures
  A deep elf blademaster (Elf:2)
  A storm dragon (shapeshifter) (D:15)
  An orc warlord (Orc:2)
  A war gargoyle (D:12)
  A deep elf demonologist (Elf:1)
  2 deep elf annihilators
  2 deep elf death magi
  2 fire dragons (D:15)
  An ogre mage (D:13)
  Josephine (D:10)
  Harold (D:11)
  2 ice dragons (IceCv)
  A deep elf high priest (Elf:1)
  A catoblepas (D:10)
  6 two-headed ogres
  8 dancing weapons
  2 centaur warriors
  3 tengu warriors
  An orc high priest (Elf:2)
  6 spriggan berserkers (Elf:1)
  11 deep elf knights
  4 skeletal warriors (D:12)
  An orange crystal statue (D:12)
  9 deep elf archers
  2 wizards
  2 wolf spider zombies
  3 orc knights
  4 manticores
  40 deep elf magi
  9 ugly things
  3 orc sorcerers
  A cyclops (D:15)
  A centaur zombie (D:14)
  Maurice (D:11)
  Psyche (D:11)
  A spiny frog (shapeshifter) (D:10)
  8 gargoyles (D:12)
  2 ice statues (IceCv)
  2 rime drakes (IceCv)
  2 kobold demonologists
  3 centaur skeletons
  A komodo dragon (D:12)
  A tengu conjurer (D:15)
  A troll (shapeshifter) (Elf:2)
  10 trolls
  7 slime creatures
  4 hippogriffs
  A meliai zombie (D:14)
  An air elemental (Elf:1)
  3 water elementals
  2 shadows
  4 wraiths
  15 yaks
  2 wyverns
  A fire elemental (Elf:2)
  2 hungry ghosts
  5 wargs
  A soldier ant (D:14)
  A swamp worm (shapeshifter) (D:15)
  6 acid dragons
  2 water moccasins
  55 orc warriors
  A black bear (D:10)
  5 sky beasts
  18 ice beasts
  14 ogres
  2 necrophages
  A boggart (D:10)
  A phantom (D:4)
  16 centaurs
  2 crocodiles
  The ghost of Dead the Sneak, an amateur OpAs (D:3)
  3 big kobolds
  Blork the orc (D:4)
  7 bullfrogs
  2 gnoll sergeants
  A wyvern zombie (D:10)
  2 earth elementals (Elf:2)
  A water moccasin skeleton (D:8)
  3 scorpions
  A wyvern skeleton (D:14)
  6 killer bees (D:11)
  8 wights
  An electric eel (Orc:2)
  3 howler monkeys (D:9)
  7 crimson imps
  26 orc priests
  2 jellies
  2 quasits (D:8)
  A bullfrog skeleton (D:6)
  7 hounds
  2 gnoll shamans
  3 iguanas
  33 orc wizards
  12 worker ants
  A killer bee zombie (D:8)
  2 worker ant zombies
  A howler monkey zombie (D:9)
  29 gnolls
  7 adders
  2 shadow imps
  An adder zombie (D:9)
  An adder skeleton (D:4)
  2 worms
  A worm (shapeshifter) (D:13)
  3 dart slugs
  3 leopard geckos
  105 orcs
  5 bats
  5 giant cockroaches
  7 goblins
  7 hobgoblins
  19 jackals
  13 kobolds
  12 quokkas
  A ball python (D:1)
  4 frilled lizards
  A jackal skeleton (D:6)
  2 quokka skeletons
  6 rats
  16 butterflies (Elf:1)
  A plant (Elf:2)
731 creatures vanquished.

Vanquished Creatures (others)
  Nessos (D:12)
  A centaur warrior (Orc:2)
  A deep elf knight (Elf:1)
  A deep elf archer (Elf:1)
  An orc knight (Orc:2)
  An orc warrior (Orc:2)
  6 centaurs
  5 orcs
  A plant (Elf:2)
18 creatures vanquished.

Grand Total: 749 creatures vanquished

Notes
Turn   | Place    | Note
-------+----------+-------------------------------------------
     0 | D:1      | Felrender the Minotaur Fighter began the quest for the Orb.
     0 | D:1      | Reached XP level 1. HP: 19/19 MP: 0/0
   305 | D:1      | Reached XP level 2. HP: 27/27 MP: 1/1
   886 | D:2      | Found an iron altar of Okawaru.
   900 | D:2      | Became a worshipper of Warmaster Okawaru
   918 | D:2      | Reached skill level 3 in Axes
   925 | D:2      | Reached XP level 3. HP: 19/33 MP: 2/2
  1276 | D:2      | Found a shimmering altar of Xom.
  1327 | D:2      | Reached XP level 4. HP: 40/40 MP: 3/3
  1538 | D:2      | Reached skill level 4 in Axes
  1961 | D:3      | Found a shattered altar of Ashenzari.
  2123 | D:3      | Reached XP level 5. HP: 46/46 MP: 4/4
  2693 | D:3      | Found a runed gate.
  2693 | D:3      | Found a runed gate.
  2693 | D:3      | Found an opulent altar of Gozag.
  2694 | D:3      | Found a runed gate.
  2695 | D:3      | Noticed Dead's ghost (amateur OpAs)
  2695 | D:3      | Noticed a necrophage
  2709 | D:3      | Reached skill level 5 in Shields
  2711 | D:3      | Killed a necrophage
  2711 | D:3      | Reached * piety under Okawaru
  2711 | D:3      | Reached skill level 5 in Armour
  2711 | D:3      | Reached XP level 6. HP: 52/52 MP: 5/5
  2717 | D:3      | Killed Dead's ghost
  2717 | D:3      | Reached skill level 5 in Axes
  2834 | D:4      | Found an opulent altar of Gozag.
  3060 | D:4      | Reached XP level 7. HP: 57/59 MP: 6/6
  3067 | D:4      | Reached ** piety under Okawaru
  3159 | D:4      | Reached skill level 1 in Dodging
  3261 | D:4      | Found a blossoming altar of Fedhas.
  3398 | D:4      | Noticed Blork the orc
  3407 | D:4      | Killed Blork the orc
  3407 | D:4      | Reached skill level 6 in Axes
  3638 | D:4      | Found a deep blue altar of Sif Muna.
  3703 | D:5      | Entered Level 5 of the Dungeon
  3712 | D:5      | Found a staircase to the Ecumenical Temple.
  3855 | D:5      | Reached skill level 7 in Axes
  4001 | D:5      | Reached XP level 8. HP: 48/67 MP: 7/7
  4210 | D:6      | Reached skill level 5 in Fighting
  4259 | D:6      | Reached *** piety under Okawaru
  4657 | D:6      | Reached skill level 8 in Axes
  5564 | D:7      | Noticed a hippogriff
  5577 | D:7      | Killed a hippogriff
  5613 | D:7      | Reached XP level 9. HP: 73/75 MP: 8/8
  5943 | D:8      | Found a hide-covered altar of Uskayaw.
  5949 | D:8      | Found a burning altar of Makhleb.
  5961 | D:8      | Reached **** piety under Okawaru
  6085 | D:8      | Reached skill level 9 in Axes
  6187 | D:8      | Found a staircase to the Lair.
  6318 | D:8      | Reached skill level 10 in Shields
  6931 | D:9      | Reached ***** piety under Okawaru
  6931 | D:9      | Reached skill level 10 in Axes
  7027 | D:9      | Reached XP level 10. HP: 78/84 MP: 9/9
  7634 | D:9      | Received a gift from Okawaru
  8009 | D:10     | Entered Level 10 of the Dungeon
  8009 | D:10     | Found a large runed door.
  8009 | D:10     | Found a large runed door.
  8013 | D:10     | Noticed a deep elf mage
  8013 | D:10     | Noticed an orb spider
  8013 | D:10     | Noticed a spiny frog
  8013 | D:10     | an orb spider changed into a spiny frog
  8014 | D:10     | Found a large runed door.
  8014 | D:10     | Found a large runed door.
  8016 | D:10     | Killed a deep elf mage
  8022 | D:10     | Killed a spiny frog
  8022 | D:10     | Reached skill level 11 in Axes
  8058 | D:10     | Identified Aczazeups's Catalogue of the Captivating Birds
  8094 | D:10     | Received a gift from Okawaru
  8095 | D:10     | Got a bloodstained broad axe {god gift}
  8096 | D:10     | Identified the +5 broad axe of Battle {chop, rPois}
                  | (Okawaru gifted it to you on level 10 of the Dungeon)
  8209 | D:10     | Found a deep blue altar of Sif Muna.
  8222 | D:10     | Identified the Almanac of Sinister Ignition
  8282 | D:10     | Noticed Josephine
  8291 | D:10     | Killed Josephine
  8712 | D:10     | Noticed a catoblepas
  8776 | D:10     | Killed a catoblepas
  8776 | D:10     | Reached skill level 1 in Maces & Flails
  8776 | D:10     | Reached XP level 11. HP: 45/94 MP: 10/10
  9033 | D:11     | Noticed Harold
  9043 | D:11     | Received a gift from Okawaru
  9043 | D:11     | Reached skill level 12 in Axes
  9047 | D:11     | Killed Harold
  9255 | D:11     | Noticed a two-headed ogre
  9256 | D:11     | Noticed Psyche
  9265 | D:11     | Killed Psyche
  9271 | D:11     | Killed a two-headed ogre
  9271 | D:11     | Reached ****** piety under Okawaru
  9571 | D:11     | Noticed Maurice
  9617 | D:11     | Killed Maurice
  9658 | D:11     | Reached skill level 13 in Axes
  9714 | D:11     | Found Dokon's Gadget Emporium.
  9721 | D:11     | Bought a wand of digging (7) for 396 gold pieces
  9889 | D:12     | Noticed a war gargoyle
  9901 | D:12     | Received a gift from Okawaru
  9904 | D:12     | Killed a war gargoyle
  9904 | D:12     | Reached XP level 12. HP: 92/104 MP: 11/11
  9909 | D:12     | Got a fine shield {god gift}
  9966 | D:12     | Identified the +0 shield of Compassion {rN+} (Okawaru
                  | gifted it to you on level 12 of the Dungeon)
 10370 | D:12     | Noticed Nessos
 10385 | D:12     | Reached skill level 14 in Axes
 10400 | D:12     | Killed Nessos
 10400 | D:12     | Reached skill level 10 in Armour
 10710 | D:12     | Noticed a two-headed ogre
 10727 | D:12     | Killed a two-headed ogre
 10892 | D:12     | Found a roughly hewn altar of Beogh.
 10957 | D:12     | Reached skill level 15 in Axes
 10974 | D:12     | Found a staircase to the Orcish Mines.
 11034 | D:12     | Reached skill level 10 in Fighting
 11704 | D:12     | Received a gift from Okawaru
 11705 | D:12     | Got a polished broad axe {god gift}
 11706 | D:12     | Identified the +5 broad axe "Xel Pua" {flame, rElec rPois}
                  | (Okawaru gifted it to you on level 12 of the Dungeon)
 11714 | D:13     | Noticed a two-headed ogre
 11714 | D:13     | Noticed a two-headed ogre
 11720 | D:13     | Noticed a centaur warrior
 11728 | D:13     | Killed a centaur warrior
 11728 | D:13     | Noticed an ogre mage
 11739 | D:13     | Killed a two-headed ogre
 11750 | D:13     | Killed a two-headed ogre
 11750 | D:13     | Reached skill level 15 in Shields
 11750 | D:13     | Reached XP level 13. HP: 79/114 MP: 12/12
 11784 | D:13     | Found a gate to the Vaults.
 11858 | D:13     | Received a gift from Okawaru
 11991 | D:13     | Reached skill level 1 in Stealth
 12148 | D:13     | Found Saug's Book Shop.
 12285 | D:13     | Reached skill level 16 in Axes
 12676 | D:14     | Found a frozen archway.
 12685 | IceCv    | Entered an ice cave
 12763 | IceCv    | Received a gift from Okawaru
 13162 | IceCv    | Found the macabre finger necklace {rN+}
 13243 | IceCv    | Got a brightly glowing brass ring
 13716 | D:14     | Found a glowing golden altar of the Shining One.
 13756 | D:14     | Reached skill level 17 in Axes
 14092 | D:15     | Entered Level 15 of the Dungeon
 14223 | D:15     | Reached XP level 14. HP: 74/124 MP: 13/13
 14333 | D:15     | Received a gift from Okawaru
 14351 | D:15     | Got a fine crystal plate armour {god gift}
 14362 | D:15     | Identified the +1 crystal plate armour of Experimentation
                  | {+Blink Str-5 Dex+5 SInv} (Okawaru gifted it to you on
                  | level 15 of the Dungeon)
 15160 | D:15     | Noticed a storm dragon
 15160 | D:15     | a minotaur changed into a storm dragon
 15185 | D:15     | Killed a storm dragon
 15435 | D:15     | Found a staircase to the Depths.
 15817 | Orc:1    | Entered Level 1 of the Orcish Mines
 15817 | Orc:1    | Found Xammist's Weapon Shop.
 15825 | Orc:1    | Found Aguh's Assorted Antiques.
 15835 | Orc:1    | Bought 3 scrolls of identify for 186 gold pieces
 15835 | Orc:1    | Bought a potion of heal wounds for 155 gold pieces
 15835 | Orc:1    | Bought a scroll of identify for 62 gold pieces
 15852 | Orc:1    | Reached skill level 18 in Axes
 15924 | Orc:1    | Identified the ring "Ufuof" {rC++ rN+} (You found it in an
                  | ice cave)
 16033 | Orc:1    | Found Qibu's Weapon Shoppe.
 16070 | Orc:1    | Found Vemetial's Food Emporium.
 16282 | Orc:2    | Entered Level 2 of the Orcish Mines
 16290 | Orc:2    | Paralysed by an orc sorcerer for 5 turns
 16694 | Orc:2    | Found Laeh's Gadget Shoppe.
 16694 | Orc:2    | Found Ahuh's Magic Scroll Boutique.
 16700 | Orc:2    | Noticed an orc warlord
 16709 | Orc:2    | HP: 2/127 [orc warlord/bolt (14)]
 17111 | Orc:2    | Found a staircase to the Elven Halls.
 17197 | Orc:2    | Reached skill level 1 in Invocations
 17252 | Orc:2    | Killed an orc warlord
 17467 | Orc:2    | Found Ocrasto's Antique Weapon Emporium.
 17602 | Orc:2    | Found Miec's Antique Weapon Emporium.
 17604 | Orc:2    | Found Suonepp's Distillery.
 17608 | Orc:2    | Bought a scroll of identify for 24 gold pieces
 17608 | Orc:2    | Bought a scroll of identify for 24 gold pieces
 17608 | Orc:2    | Bought a scroll of enchant armour for 90 gold pieces
 17608 | Orc:2    | Bought a scroll of identify for 24 gold pieces
 17608 | Orc:2    | Bought a scroll of enchant weapon for 90 gold pieces
 17610 | Orc:2    | Bought a potion of heal wounds for 65 gold pieces
 17610 | Orc:2    | Bought a potion of curing for 39 gold pieces
 17610 | Orc:2    | Bought a potion of might for 52 gold pieces
 17610 | Orc:2    | Bought a potion of curing for 39 gold pieces
 17610 | Orc:2    | Bought a potion of might for 52 gold pieces
 18090 | Elf:1    | Entered Level 1 of the Elven Halls
 18103 | Elf:1    | Received a gift from Okawaru
 18317 | Elf:1    | Identified Ereshkigal's Disquisition on Confrontation
 18562 | Elf:1    | Found a huge runed gate.
 18563 | Elf:1    | Found a huge runed gate.
 18567 | Elf:1    | Found a huge runed gate.
 18567 | Elf:1    | Found a huge runed gate.
 18606 | Elf:1    | Received a gift from Okawaru
 18606 | Elf:1    | Reached XP level 15. HP: 68/135 MP: 14/14
 19993 | Elf:1    | Got a faintly humming robe {god gift}
 19994 | Elf:1    | Identified the +1 robe "Xyosakuf" {rF++ MR+ Int-5} (Okawaru
                  | gifted it to you on level 1 of the Elven Halls)
 20582 | Elf:1    | Found a bloodstained altar of Trog.
 20747 | Elf:2    | Found a flickering gateway to a bazaar.
 20763 | Elf:2    | Reached skill level 19 in Axes
 20778 | Elf:2    | Received a gift from Okawaru
 20779 | Elf:2    | Got a jewelled hand axe {god gift}
 20813 | Bazaar   | Entered a bazaar
 20814 | Bazaar   | Identified the +3 hand axe "Ogee" {venom, *Rage rC+ Dex+5}
                  | (Okawaru gifted it to you on level 2 of the Elven Halls)
 20816 | Bazaar   | Found Fuxonn's Food Shoppe.
 20838 | Bazaar   | Found Ukluusch's Distillery.
 20846 | Bazaar   | Bought a potion of heal wounds for 75 gold pieces
 20855 | Bazaar   | Found Vieddiuth's General Store.
 20860 | Bazaar   | Bought a potion of heal wounds for 80 gold pieces
 20864 | Bazaar   | Found Rauxt's Weapon Shop.
 21532 | Elf:2    | Paralysed by an orc sorcerer for 4 turns
 21653 | Elf:2    | Found a huge runed gate.
 21653 | Elf:2    | Found a huge runed gate.
 21663 | Elf:2    | Found a huge runed gate.
 21663 | Elf:2    | Found a huge runed gate.
 21663 | Elf:2    | Found a huge runed gate.
 21670 | Elf:2    | Received a gift from Okawaru
 21713 | Elf:2    | Noticed a deep elf blademaster
 21770 | Elf:2    | Killed a deep elf blademaster
 21770 | Elf:2    | HP: 6/139 [poisoned by a halberd of venom]
 21775 | Elf:2    | HP: 3/139 [poisoned by a halberd of venom]
 21777 | Elf:2    | HP: 1/139 [poisoned by a halberd of venom]
 21777 | Elf:2    | Mangled by a battleaxe of distortion

Vault maps used:
D:1:      dpeg_arrival_rooms_b
D:2:      lemuel_crystal_altar, brannock_xom_greatest_gift
D:3:      cheibrodos_ashenzari_chains, ebering_ghost_gozag, first_ration
D:4:      kennysheep_mini, lemuel_blue_sif_altar, fedhas_altar_3,
          uniq_blork_the_orc
D:5:      minmay_temple_entry_trees, minivault_25, grunt_ministairs_9
D:7:      kb_forest_paths, grunt_ogre_cave
D:8:      kennysheep_mini_moat, old_standard_altar, lair_entry_dummy,
          lemuel_flamethrower_1
D:10:     basic_altar, minmay_hollow_rounded_squares, uniq_josephine
D:11:     serial_shops, shop, uniq_harold, uniq_maurice, uniq_psyche
D:12:     gargoyle_guard, david_orc_5, minmay_protected_statue, uniq_nessos
D:13:     david_vaults_2, serial_shops, nicolae_shop_behind_doors
D:14:     tso_metal_star, portal_ice_cave_entry_pillars_2
D:15:     grunt_enter_depths_hoard, abandoned_shop
Orc:1:    serial_shops, nicolae_shop_trees, nicolae_shop_statue_plus,
          nicolae_shop_stone, nicolae_shop_statue_plus
Orc:2:    st_orc_rangers, serial_shops, shop, nicolae_orc_flooded_monolith
Elf:1:    minmay_elf_annihilation, grunt_ministairs_15, not_door_vault_mu,
          evilmike_spriggan_trog_shrine
Elf:2:    serial_shops, bzr_entry_islet, st_stairs_6, stair_cage_wide,
          minmay_strange_pillars, minivault_25
Bazaar:   bazaar_kb_twisted_cavern
IceCv:    ice_cave_small_dragons

Skill      XL: |  1  2  3  4  5  6  7  8  9 10 11 12 13 14 15 |
---------------+----------------------------------------------+-----
Shields        | 4 5 6 7 9 11 12 13 15 17 18 | 18.3
Axes           | 3 4 5 7 8 10 11 13 15 17 18 19 | 19.3
Armour         | 4 5 6 7 8 9 10 11 12 13 | 13.2
Fighting       | 4 5 6 8 9 10 11 13 14 | 14.3
Dodging        | 1 2 3 |  3.8
Maces & Flails | 1 |  1.0
Stealth        | 1 |  1.6
Invocations    | 1 |  1.1
Throwing       | |  0.3

Action                   |  1- 3 |  4- 6 |  7- 9 | 10-12 | 13-15 || total
-------------------------+-------+-------+-------+-------+-------++-------
Melee: War axe           |    63 |   115 |   358 |    87 |       ||   623
       Headbutt          |    10 |    18 |    66 |   107 |   231 ||   432
       Broad axe         |       |       |       |   357 |  1056 ||  1413
       Morningstar       |       |       |       |     9 |       ||     9
       Unarmed           |       |       |       |     2 |       ||     2
Throw: Tomahawk          |       |       |       |     2 |       ||     2
Invok: Finesse           |       |       |       |     1 |     1 ||     2
       Heroism           |       |       |       |       |     5 ||     5
Evoke: Wand              |       |       |       |     1 |     1 ||     2
  Use: Scroll            |     6 |     8 |     8 |     8 |    16 ||    46
       Potion            |     2 |       |       |     7 |    22 ||    31
 Stab: Distracted        |       |       |       |       |     2 ||     2
  Eat: Chunk             |     1 |     4 |     5 |     5 |     4 ||    19
       Ration            |       |     1 |     3 |     3 |     8 ||    15
Armor: Scale mail        |    31 |       |       |       |       ||    31
       Skin              |     8 |       |       |     1 |       ||     9
       Chain mail        |       |    63 |   157 |    16 |       ||   236
       Plate armour      |       |       |       |    80 |       ||    80
       Ice dragon scales |       |       |       |    59 |    67 ||   126
       Crystal plate arm |       |       |       |    61 |   463 ||   524
Dodge: Dodged            |     9 |    23 |    80 |    95 |   166 ||   373
Block: Shield            |    35 |    99 |   275 |   365 |   835 ||  1609
       Reflection        |       |     3 |     3 |    36 |    99 ||   141
       Other             |       |       |       |     1 |       ||     1

Table legend:
 A = Non-vault XP
 B = Vault XP
 C = Vault XP percentage of total XP
 D = Non-vault monster count
 E = Vault monster count
 F = Vault count percentage of total count
                 A         B        C        D         E       F
            +---------+---------+-------+---------+---------+-------
      Total |  102177 |   48980 |  32.4 |     585 |     144 |  19.8
            +---------+---------+-------+---------+---------+-------
        D:1 |      25 |       0 |   0.0 |      13 |       0 |   0.0
        D:2 |     136 |       0 |   0.0 |      29 |       0 |   0.0
        D:3 |      83 |     270 |  76.5 |      18 |       4 |  18.2
        D:4 |     484 |      96 |  16.6 |      22 |       1 |   4.3
        D:5 |     362 |       0 |   0.0 |      11 |       0 |   0.0
        D:6 |     802 |       0 |   0.0 |      26 |       0 |   0.0
        D:7 |     787 |     121 |  13.3 |      25 |       3 |  10.7
        D:8 |    1537 |       0 |   0.0 |      33 |       0 |   0.0
        D:9 |    2159 |       0 |   0.0 |      36 |       0 |   0.0
       D:10 |     928 |    4017 |  81.2 |      12 |      12 |  50.0
       D:11 |    4855 |    1907 |  28.2 |      29 |       3 |   9.4
       D:12 |    9156 |    6944 |  43.1 |      42 |      32 |  43.2
       D:13 |    7866 |    2846 |  26.6 |      42 |       3 |   6.7
       D:14 |    8326 |       0 |   0.0 |      30 |       0 |   0.0
       D:15 |   15168 |    2149 |  12.4 |      50 |       3 |   5.7
      Orc:1 |    1915 |       0 |   0.0 |      32 |       0 |   0.0
      Orc:2 |    6767 |    5908 |  46.6 |      69 |      38 |  35.5
      Elf:1 |   25330 |   11083 |  30.4 |      39 |      15 |  27.8
      Elf:2 |   15491 |    8221 |  34.7 |      27 |      10 |  27.0
      IceCv |       0 |    5418 | 100.0 |       0 |      20 | 100.0
            +---------+---------+-------+---------+---------+-------
